3AA
FT. POLK SOUTH THUNDER HAWKS @ RICHLAND RAILS
06/30/2024
 
TOP OF THE 1ST
Ft. Polk South Thunder Hawks batting - Pitching for Richland Rails : RHP Ben Hopley
Pitching: RHP Ben Hopley
Batting: RHB Pablo Marrero 0-0: Fly out, F6 (Line Drive, 6)
Batting: RHB Ramón Valdéz 0-0: Foul Ball, location: 2F
0-1: Swinging Strike
0-2: Ground out 6-3 (Groundball, 6)
Batting: RHB Keith Bane 0-0: Called Strike
0-1: Called Strike
0-2: Ball
1-2: Ground out 6-3 (Groundball, 6)
Top of the 1st over - 0 run(s), 0 hit(s), 0 error(s), 0 left on base; Ft. Polk South 0 - Richland 0
BOTTOM OF THE 1ST
Richland Rails batting - Pitching for Ft. Polk South Thunder Hawks : LHP Hermenegildo Beliago
Pitching: LHP Hermenegildo Beliago
Batting: LHB Roberto Soto 0-0: Called Strike
0-1: Ball
1-1: Ball
2-1: Swinging Strike
2-2: Fly out, F7 (Flyball, 78M)
Batting: RHB Ralph Gilbert 0-0: Ball
1-0: Fly out, F9 (Flyball, 89M)
Batting: RHB Jung-hwan Kwon 0-0: Called Strike
0-1: Ball
1-1: Fly out, F9 (Flyball, 89M)
Bottom of the 1st over - 0 run(s), 0 hit(s), 0 error(s), 0 left on base; Ft. Polk South 0 - Richland 0
TOP OF THE 2ND
Ft. Polk South Thunder Hawks batting - Pitching for Richland Rails : RHP Ben Hopley
Batting: RHB Robbie Chambers 0-0: Ground out 1-3 (Groundball, 13S)
Batting: RHB Manuel Díaz 0-0: Ball
1-0: Swinging Strike
1-1: Foul Ball, location: 2F
1-2: Ball
2-2: Fly out, F8 (Flyball, 8RM)
Batting: RHB David Phipps 0-0: Ball
1-0: Foul Ball, location: 2F
1-1: Ball
2-1: Swinging Strike
2-2: Ball
3-2: Fly out, F8 (Flyball, 8RM)
Top of the 2nd over - 0 run(s), 0 hit(s), 0 error(s), 0 left on base; Ft. Polk South 0 - Richland 0
BOTTOM OF THE 2ND
Richland Rails batting - Pitching for Ft. Polk South Thunder Hawks : LHP Hermenegildo Beliago
Batting: RHB Vicente Cruz 0-0: Called Strike
0-1: Called Strike
0-2: Strikes out swinging
Batting: LHB Chris Stoltzfus Reached via error on a dropped throw, E1
Batting: RHB Justin MacPherson 0-0: Ball
1-0: Called Strike
1-1: DOUBLE (Flyball, 78M)
Chris Stoltzfus to third
Runner from 3rd tries for Home, SAFE, no throw or cutoff
Batting: LHB Randy Schlosser 0-0: Fly out, F7 (Flyball, 78M)
Batting: RHB Quigley Gibson 0-0: Called Strike
0-1: Ball
1-1: DOUBLE (Groundball, 5L)
Justin MacPherson scores
Batting: LHB Jorge Greenbaum 0-0: Swinging Strike
0-1: Foul Ball, location: 2F
0-2: Ball
1-2: Foul Ball, location: 2F
1-2: Foul Ball, location: 2F
1-2: Strikes out looking
Bottom of the 2nd over - 2 run(s), 2 hit(s), 1 error(s), 1 left on base; Ft. Polk South 0 - Richland 2
TOP OF THE 3RD
Ft. Polk South Thunder Hawks batting - Pitching for Richland Rails : RHP Ben Hopley
Batting: RHB Héctor López 0-0: Fly out, F8 (Flyball, 8RM)
Batting: RHB Iván Hernández 0-0: Bunt for hit - play at first, batter safe!
Batting: RHB Jack Peck 0-0: Called Strike
0-1: Ball
1-1: Fly out, F8 (Flyball, 8RD)
Runner from 1st tags up, SAFE at 2nd
Batting: RHB Pablo Marrero 0-0: Ball
1-0: Ground out 6-3 (Groundball, 6)
Top of the 3rd over - 0 run(s), 1 hit(s), 0 error(s), 1 left on base; Ft. Polk South 0 - Richland 2
BOTTOM OF THE 3RD
Richland Rails batting - Pitching for Ft. Polk South Thunder Hawks : LHP Hermenegildo Beliago
Batting: LHB Roberto Soto 0-0: Swinging Strike
0-1: Called Strike
0-2: Foul Ball, location: 2F
0-2: Strikes out swinging
Batting: RHB Ralph Gilbert 0-0: Ball
1-0: Ball
2-0: Foul Ball, location: 2F
2-1: Foul Ball, location: 2F
2-2: Ball
3-2: Base on Balls
Batting: RHB Jung-hwan Kwon 0-0: Ball
1-0: Ball
2-0: Foul Ball, location: 2F
2-1: Swinging Strike
2-2: Strikes out swinging
Batting: RHB Vicente Cruz 0-0: Called Strike
0-1: Ball
1-1: Ball
2-1: Foul Ball, location: 2F
2-2: Ball
3-2: Foul Ball, location: 2F
3-2: Foul Ball, location: 2F
3-2: SINGLE (Line Drive, 56D)
Ralph Gilbert to second
Ralph Gilbert to third
Batting: LHB Chris Stoltzfus 0-0: Ground out 4-3 (Groundball, 34)
Bottom of the 3rd over - 0 run(s), 1 hit(s), 0 error(s), 2 left on base; Ft. Polk South 0 - Richland 2
TOP OF THE 4TH
Ft. Polk South Thunder Hawks batting - Pitching for Richland Rails : RHP Ben Hopley
Batting: RHB Ramón Valdéz 0-0: Called Strike
0-1: Foul Ball, location: 2F
0-2: Foul Ball, location: 2F
0-2: Ball
1-2: Ground out 6-3 (Groundball, 6M)
Batting: RHB Keith Bane 0-0: Called Strike
0-1: Called Strike
0-2: Foul Ball, location: 2F
0-2: Ball
1-2: Foul Ball, location: 2F
1-2: Strikes out swinging
Batting: RHB Robbie Chambers 0-0: Ball
1-0: Foul Ball, location: 2F
1-1: Ball
2-1: Foul Ball, location: 2F
2-2: Ball
3-2: SINGLE (Line Drive, 56D)
Batting: RHB Manuel Díaz 0-0: Foul Ball, location: 2F
0-1: Ball
1-1: Ball
2-1: Ball
3-1: Swinging Strike
3-2: Foul Ball, location: 2F
3-2: Ground out 5-3 (Groundball, 5L)
Top of the 4th over - 0 run(s), 1 hit(s), 0 error(s), 1 left on base; Ft. Polk South 0 - Richland 2
BOTTOM OF THE 4TH
Richland Rails batting - Pitching for Ft. Polk South Thunder Hawks : LHP Hermenegildo Beliago
Batting: RHB Justin MacPherson 0-0: Called Strike
0-1: Ball
1-1: Called Strike
1-2: Ground out 6-3 (Groundball, 6M)
Batting: LHB Randy Schlosser 0-0: Ball
1-0: Called Strike
1-1: Foul Ball, location: 2F
1-2: SINGLE (Groundball, 4M)
Batting: RHB Quigley Gibson 0-0: Foul Ball, location: 2F
0-1: Called Strike
0-2: Ball
Randy Schlosser is caught stealing 2nd base
1-2: SINGLE (Flyball, 8LS)
Batting: LHB Jorge Greenbaum 0-0: Ball
Wild Pitch!
Quigley Gibson to second
1-0: Called Strike
1-1: Ball
2-1: Foul Ball, location: 2F
2-2: Reached on Error, E9 (Flyball, 89M)
Quigley Gibson scores
Batting: LHB Roberto Soto 0-0: Ball
1-0: Fly out, F5 (Popup, 5F)
Bottom of the 4th over - 1 run(s), 2 hit(s), 1 error(s), 1 left on base; Ft. Polk South 0 - Richland 3
TOP OF THE 5TH
Ft. Polk South Thunder Hawks batting - Pitching for Richland Rails : RHP Ben Hopley
Batting: RHB David Phipps 0-0: Ball
1-0: Ball
2-0: Ball
3-0: Base on Balls
Batting: RHB Héctor López 0-0: Called Strike
0-1: Ball
1-1: Fielders Choice at 2nd, 4-6 (Groundball, 4)
Now at SS: Kenny Rush
Batting: RHB Iván Hernández 0-0: Called Strike
0-1: Grounds into double play, 1-6-3 (Groundball, 13S)
Top of the 5th over - 0 run(s), 0 hit(s), 0 error(s), 0 left on base; Ft. Polk South 0 - Richland 3
BOTTOM OF THE 5TH
Richland Rails batting - Pitching for Ft. Polk South Thunder Hawks : LHP Hermenegildo Beliago
Batting: RHB Ralph Gilbert 0-0: Ball
1-0: Called Strike
1-1: Foul Ball, location: 2F
1-2: Ball
2-2: Ball
3-2: Fly out, F1 (Line Drive, 13)
Batting: RHB Jung-hwan Kwon 0-0: Ball
1-0: Swinging Strike
1-1: Swinging Strike
1-2: Ground out 5-3 (Groundball, 15S)
Batting: RHB Vicente Cruz 0-0: Called Strike
0-1: Called Strike
0-2: Foul Ball, location: 2F
0-2: Strikes out swinging
Bottom of the 5th over - 0 run(s), 0 hit(s), 0 error(s), 0 left on base; Ft. Polk South 0 - Richland 3
TOP OF THE 6TH
Ft. Polk South Thunder Hawks batting - Pitching for Richland Rails : RHP Ben Hopley
Batting: RHB Jack Peck 0-0: Ball
1-0: Ground out 6-3 (Groundball, 6M)
Batting: RHB Pablo Marrero 0-0: Ball
1-0: Ball
2-0: Called Strike
2-1: SINGLE (Flyball, 8LS)
Batting: RHB Ramón Valdéz 0-0: Ball
Pablo Marrero is caught stealing 2nd base
1-0: DOUBLE (Flyball, 78D)
Batting: RHB Keith Bane Pickoff Throw to Second - Error! E1
Ramón Valdéz to third
0-0: Ball
Wild Pitch!
Ramón Valdéz scores
1-0: Swinging Strike
1-1: Foul Ball, location: 2F
1-2: Ball
2-2: Ball
3-2: Strikes out swinging
Top of the 6th over - 1 run(s), 2 hit(s), 1 error(s), 0 left on base; Ft. Polk South 1 - Richland 3
BOTTOM OF THE 6TH
Richland Rails batting - Pitching for Ft. Polk South Thunder Hawks : LHP Hermenegildo Beliago
Pitching: LHP Jim Unknown
Batting: LHB Chris Stoltzfus 0-0: Called Strike
0-1: Ball
1-1: Swinging Strike
1-2: Ball
2-2: Foul Ball, location: 2F
2-2: Ball
3-2: Foul Ball, location: 2F
3-2: Foul Ball, location: 2F
3-2: Strikes out swinging
Batting: RHB Justin MacPherson 0-0: Ball
1-0: Ball
2-0: Ground out 6-3 (Groundball, 6)
Batting: LHB Randy Schlosser 0-0: Ball
1-0: Ball
2-0: Called Strike
2-1: Called Strike
2-2: Ground out 4-3 (Groundball, 4)
Bottom of the 6th over - 0 run(s), 0 hit(s), 0 error(s), 0 left on base; Ft. Polk South 1 - Richland 3
TOP OF THE 7TH
Ft. Polk South Thunder Hawks batting - Pitching for Richland Rails : RHP Ben Hopley
Batting: RHB Robbie Chambers 0-0: Swinging Strike
0-1: Ball
1-1: Ball
2-1: Ball
3-1: Ground out 5-3 (Groundball, 56)
Batting: RHB Manuel Díaz 0-0: Ball
1-0: Ground out U3 (Groundball, 3L)
Batting: RHB David Phipps 0-0: Swinging Strike
0-1: Ball
1-1: Ball
2-1: Called Strike
2-2: Ball
3-2: Strikes out looking
Top of the 7th over - 0 run(s), 0 hit(s), 0 error(s), 0 left on base; Ft. Polk South 1 - Richland 3
BOTTOM OF THE 7TH
Richland Rails batting - Pitching for Ft. Polk South Thunder Hawks : LHP Jim Unknown
Batting: RHB Quigley Gibson 0-0: Foul Ball, location: 2F
0-1: Foul Ball, location: 2F
0-2: DOUBLE (Line Drive, 7LD)
Batting: LHB Jorge Greenbaum 0-0: Ball
1-0: Ball
2-0: Swinging Strike
2-1: SINGLE (Flyball, 8LS) - OUT at second base trying to stretch hit.
Quigley Gibson scores
Batting: RHB Kenny Rush 0-0: Ball
1-0: SINGLE (Flyball, 8RS)
Batting: RHB Ralph Gilbert 0-0: Ball
Kenny Rush is caught stealing 2nd base
1-0: Ball
2-0: Swinging Strike
2-1: Foul Ball, location: 2F
2-2: Foul Ball, location: 2F
2-2: Strikes out looking
Bottom of the 7th over - 1 run(s), 3 hit(s), 0 error(s), 0 left on base; Ft. Polk South 1 - Richland 4
TOP OF THE 8TH
Ft. Polk South Thunder Hawks batting - Pitching for Richland Rails : RHP Ben Hopley
Batting: RHB Héctor López 0-0: Ball
1-0: Ball
2-0: Ball
3-0: Base on Balls
Batting: RHB Iván Hernández 0-0: Ball
1-0: Grounds into double play, 6-4-3 (Groundball, 6)
Batting: RHB Jack Peck 0-0: Swinging Strike
0-1: Ball
1-1: Ball
2-1: SINGLE (Flyball, 78S)
Batting: RHB Pablo Marrero 0-0: Ball
1-0: Ground out 1-3 (Groundball, 15)
Top of the 8th over - 0 run(s), 1 hit(s), 0 error(s), 1 left on base; Ft. Polk South 1 - Richland 4
BOTTOM OF THE 8TH
Richland Rails batting - Pitching for Ft. Polk South Thunder Hawks : LHP Jim Unknown
Batting: RHB Jung-hwan Kwon 0-0: Called Strike
0-1: Ball
1-1: Ball
2-1: Called Strike
2-2: Fly out, F8 (Flyball, 8RM)
Batting: RHB Vicente Cruz 0-0: Ball
1-0: Ball
2-0: Called Strike
2-1: Fly out, F4 (Popup, 3)
Batting: LHB Chris Stoltzfus 0-0: Swinging Strike
0-1: Called Strike
0-2: Ground out 3-1 (Groundball, 34)
Bottom of the 8th over - 0 run(s), 0 hit(s), 0 error(s), 0 left on base; Ft. Polk South 1 - Richland 4
TOP OF THE 9TH
Ft. Polk South Thunder Hawks batting - Pitching for Richland Rails : RHP Ben Hopley
Pitching: LHP Sjaak Bonne
Batting: RHB Ramón Valdéz 0-0: Ball
1-0: Ground out 5-3 (Groundball, 15S)
Batting: RHB Keith Bane 0-0: Called Strike
0-1: Fly out, F4 (Popup, 4D)
Batting: RHB Robbie Chambers 0-0: Ground out 4-3 (Groundball, 4)
Top of the 9th over - 0 run(s), 0 hit(s), 0 error(s), 0 left on base; Ft. Polk South 1 - Richland 4
This league is powered by Out of the Park Baseball, the baseball management simulation game for PC, Mac and Linux
Monday, October 3rd, 2016 - OOTP Baseball 16.9 Build 39